 Dungeon Crawl Stone Soup version 0.21.0-3-g78d12a8 (webtiles) character file.

8066 robertstho the Arsonist (level 11, -9/57 HPs)
             Began as a Deep Elf Fire Elementalist on Jan 15, 2018.
             Was a Priest of Sif Muna.
             Mangled by a spiny frog (15 damage)
             ... on level 1 of the Lair of Beasts on Jan 16, 2018.
             The game lasted 00:42:33 (10168 turns).

robertstho the Arsonist (DEFE)                     Turns: 10168, Time: 00:42:34

Health: -9/57      AC:  7    Str:  5    XL:     11   Next: 5%
Magic:  4/28       EV: 17    Int: 24    God:    Sif Muna [***...]
Gold:   650        SH:  0    Dex: 15    Spells: 12/32 levels left

rFire    . . .     SeeInvis .   P - +2 great sword
rCold    + + .     Gourm    +   (shield currently unavailable)
rNeg     + . .     Faith    .   S - +1 robe {rC+}
rPois    .         Spirit   .   Q - +2 helmet
rElec    .         Reflect  .   U - scarf {repulsion}
rCorr    .         Harm     .   A - +0 pair of gloves
MR       +....                  (no boots)
Stlth    ++........             j - amulet of the gourmand
HPRegen  0.19/turn              N - ring of protection from cold
MPRegen  0.21/turn              v - ring of positive energy

@: lethally poisoned (-9 -> -24), repel missiles
A: no striking features
a: Divine Energy, Channel Magic, Renounce Religion


You were on level 1 of the Lair of Beasts.
You worshipped Sif Muna.
Sif Muna was most pleased with you.
You were full.

You visited 3 branches of the dungeon, and saw 12 of its levels.

You collected 650 gold pieces.

Inventory:

Hand Weapons
 o - a +0 long sword
 s - a +2 quarterstaff of chaos
 w - a +0 short sword of protection
 C - a +2 dagger of venom
 E - a +0 whip of flaming
 I - a +2 arbalest of flaming
 J - a +3 trident of piercing
 P - a +2 great sword (weapon)
Missiles
 i - 59 sling bullets
 y - 18 tomahawks (quivered)
 O - a throwing net
Armour
 a - a +1 robe
 t - a +0 cloak
 A - a +0 pair of gloves (worn)
 D - a +0 shield
 Q - a +2 helmet (worn)
 S - a +1 robe of cold resistance (worn)
 U - a scarf of repulsion (worn)
Magical Staves
 F - an uncursed staff of air
Jewellery
 f - an uncursed ring of flight
 j - an amulet of the gourmand (around neck)
 v - a ring of positive energy (right hand)
 N - a ring of protection from cold (left hand)
Wands
 B - a wand of acid (15)
 T - a wand of enslavement (19)
Scrolls
 g - a scroll of amnesia
 n - 2 scrolls of immolation {unknown}
 p - 3 scrolls of identify
 r - 3 scrolls of teleportation
 G - a scroll of remove curse
 H - 2 scrolls of enchant weapon {unknown}
 M - a scroll of enchant armour
Potions
 d - 2 potions of agility
 h - a potion of invisibility
 k - a potion of brilliance {unknown}
 l - a potion of resistance {unknown}
 m - a potion of haste {unknown}
 q - 2 potions of magic {unknown}
 x - a potion of lignification {unknown}
 z - 2 potions of berserk rage {unknown}
 K - a potion of might
Books
 b - a book of Flames

   Spells                             Type                      Level
   a - Flame Tongue                   Conjuration/Fire             1
   b - Throw Flame                    Conjuration/Fire             2
   c - Conjure Flame                  Conjuration/Fire             3
   d - Inner Flame                    Hexes/Fire                   3
   e - Sticky Flame                   Conjuration/Fire             4
   f - Fireball                       Conjuration/Fire             5
 e - a book of Battle

   Spells                             Type                      Level
   a - Infusion                       Charms                       1
   b - Shroud of Golubria             Charms/Translocation         2
   c - Song of Slaying                Charms                       2
   d - Spectral Weapon                Hexes/Charms                 3
   e - Regeneration                   Charms/Necromancy            3
 u - a book of Callings

   Spells                             Type                      Level
   a - Summon Small Mammal            Summoning                    1
   b - Call Imp                       Summoning                    2
   c - Call Canine Familiar           Summoning                    3
   d - Summon Guardian Golem          Hexes/Summoning              3
   e - Summon Lightning Spire         Summoning/Air                4
   f - Summon Ice Beast               Ice/Summoning                4
 L - a book of Cantrips

   Spells                             Type                      Level
   a - Confusing Touch                Hexes                        1
   b - Animate Skeleton               Necromancy                   1
   c - Summon Small Mammal            Summoning                    1
   d - Apportation                    Translocation                1
 R - a book of Party Tricks

   Spells                             Type                      Level
   a - Summon Butterflies             Summoning                    1
   b - Apportation                    Translocation                1
   c - Lesser Beckoning               Translocation                3
   d - Tukima's Dance                 Hexes                        3
   e - Alistair's Intoxication        Transmutation/Poison         5
   f - Invisibility                   Hexes                        6
Comestibles
 c - 15 rations


   Skills:
 + Level 1.9 Fighting
 + Level 0.7(1.3) Short Blades
 + Level 1.4(1.6) Long Blades
 + Level 1.1(1.2) Polearms
 + Level 0.6(1.2) Staves
 * Level 8.2 Dodging
 - Level 2.4 Stealth
 + Level 11.3 Spellcasting
 + Level 7.5 Conjurations
 + Level 2.9 Summonings
 * Level 11.6 Fire Magic


You had 12 spell levels left.
You knew the following spells:

 Your Spells              Type           Power        Failure   Level  Hunger
a - Flame Tongue          Conj/Fire      #####        1%          1    None
b - Throw Flame           Conj/Fire      ######       1%          2    None
c - Conjure Flame         Conj/Fire      ######..     1%          3    None
d - Sticky Flame          Conj/Fire      ######..     1%          4    None
e - Call Imp              Summ           ####....     1%          2    None
f - Fireball              Conj/Fire      ######....   2%          5    ####...
g - Call Canine Familiar  Summ           ####....     4%          3    None


Dungeon Overview and Level Annotations

Branches:
Dungeon (10/15)            Temple (1/1) D:6            Lair (1/6) D:9
    Orc: D:9-12

Altars:
Ashenzari
Cheibriados
Dithmenos
Elyvilon
Fedhas
Gozag
Hepliaklqana
Kikubaaqudgha
Nemelex Xobeh
Okawaru
Qazlal
Ru
Sif Muna
Trog
Uskayaw
Vehumet
Wu Jian
Xom
Yredelemnul
Zin
The Shining One

Shops:
D:9 [


Message History

The spiny frog misses you.
Casting: Flame Tongue
Confirm with . or Enter, or press ? or * to list all spells.
Aiming: Flame Tongue
Press: ? - help, Shift-Dir - straight line, f/p - spiny frog
Aim: a spiny frog (severely wounded)
The flame tongue hits the spiny frog.
The spiny frog is almost dead.
* * * LOW HITPOINT WARNING * * *
You feel sick. The spiny frog misses you.
Casting: Flame Tongue
Confirm with . or Enter, or press ? or * to list all spells.
Aiming: Flame Tongue
Press: ? - help, Shift-Dir - straight line, f/p - spiny frog
Aim: a spiny frog (almost dead)
The flame tongue hits the spiny frog.
The spiny frog appears unharmed.
The spiny frog is almost dead.
* * * LOW HITPOINT WARNING * * *
You feel sick. The spiny frog stings you!
You die...

## #...>..........## #P#
#..............##
#..##...............# .
#....................
..##.[..................
........................
........................
........................
......F@................
........................
....!..##..........##...
....... #..........###..
.....## ..........## #..
....# ..........# ##.
.... #..........# ## ..#
##......... # .........


You could see a spiny frog.

Vanquished Creatures
  2 two-headed ogres (D:8)
  The ghost of Jeremor the Cleaver, a novice MiBe of Trog (D:7)
  Pikel (D:7)
  Joseph (D:7)
  A komodo dragon (Lair:1)
  2 trolls (D:8)
  3 hippogriffs
  The ghost of Nornya the Skirmisher, an amateur MiFi (D:4)
  Eustachio (D:5)
  A water moccasin (D:9)
  A porcupine (D:8)
  3 orc warriors
  An ice beast (D:8)
  A slave (D:7)
  A phantom (D:7)
  A necrophage (D:8)
  3 ogres
  3 wolves (Lair:1)
  A centaur (D:7)
  A big kobold (D:7)
  5 bullfrogs
  A gnoll sergeant (D:6)
  3 scorpions
  4 killer bees
  5 wights (D:8)
  4 howler monkeys
  2 crimson imps
  A centaur zombie (D:8)
  5 hounds
  Crazy Yiuf (D:2)
  A quasit (D:8)
  2 orc priests
  A bullfrog skeleton (D:5)
  A centaur skeleton (D:5)
  3 jellies
  6 orc wizards
  6 iguanas
  6 worker ants
  A hound skeleton (D:7)
  7 gnolls
  A howler monkey skeleton (D:8)
  13 adders
  An ooze (D:5)
  An adder skeleton (D:8)
  A worm (D:2)
  4 dart slugs
  6 leopard geckos
  34 orcs
  4 bats
  2 giant cockroaches
  7 goblins
  5 hobgoblins
  6 jackals
  2 quokkas
  2 ball pythons
  2 frilled lizards (D:3)
  10 kobolds
  A quokka skeleton (D:6)
  A quokka zombie (D:7)
  6 rats
204 creatures vanquished.

Vanquished Creatures (collateral kills)
  The ghost of BluePsion the Ducker, a novice HuMo of Wu Jian (D:5)
  A bullfrog (D:7)
  A killer bee (D:8)
  A howler monkey (D:7)
  A quasit (D:8)
5 creatures vanquished.

Vanquished Creatures (others)
  3 gnolls (D:7)
  A ball python (D:7)
  A kobold (D:7)
  A fungus (D:9)
6 creatures vanquished.

Grand Total: 215 creatures vanquished

Notes
Turn   | Place    | Note
-------+----------+-------------------------------------------
     0 | D:1      | robertstho the Deep Elf Fire Elementalist began the quest for the Orb.
     0 | D:1      | Reached XP level 1. HP: 10/10 MP: 6/6
   157 | D:1      | Reached XP level 2. HP: 14/15 MP: 1/8
   564 | D:2      | Found a bloodstained altar of Trog.
   587 | D:2      | Reached XP level 3. HP: 11/19 MP: 3/10
   730 | D:2      | Found a sparkling altar of Nemelex Xobeh.
   797 | D:2      | Found an opulent altar of Gozag.
   818 | D:2      | Reached XP level 4. HP: 24/24 MP: 7/11
   848 | D:2      | Found a faded altar of an unknown god.
  1103 | D:2      | Found a runed door.
  1110 | D:2      | Learned a level 2 spell: Throw Flame
  1114 | D:2      | Learned a level 3 spell: Conjure Flame
  1119 | D:2      | Learned a level 4 spell: Sticky Flame
  1119 | D:2      | Noticed Crazy Yiuf
  1125 | D:2      | Killed Crazy Yiuf
  1378 | D:3      | Found a shattered altar of Ashenzari.
  1389 | D:3      | Found a basalt altar of Yredelemnul.
  1591 | D:3      | Reached skill level 5 in Fire Magic
  1641 | D:3      | Reached XP level 5. HP: 19/28 MP: 0/13
  2416 | D:4      | Reached skill level 5 in Spellcasting
  2446 | D:4      | Noticed an ogre
  2462 | D:4      | Killed an ogre
  2462 | D:4      | Reached XP level 6. HP: 27/32 MP: 2/16
  2551 | D:4      | Noticed Nornya's ghost (amateur MiFi)
  2569 | D:4      | Killed Nornya's ghost
  3130 | D:4      | Reached XP level 7. HP: 36/36 MP: 11/17
  3386 | D:4      | Found an ornate altar of the Wu Jian Council.
  3489 | D:4      | Found a glowing silver altar of Zin.
  3490 | D:4      | Noticed an angel
  3781 | D:4      | Learned a level 2 spell: Call Imp
  3787 | D:4      | Learned a level 5 spell: Fireball
  3986 | D:5      | Entered Level 5 of the Dungeon
  4149 | D:5      | Noticed BluePsion's ghost (novice HuMo)
  4159 | D:5      | Killed BluePsion's ghost
  4159 | D:5      | Reached skill level 5 in Dodging
  4159 | D:5      | Reached XP level 8. HP: 30/42 MP: 8/20
  4551 | D:5      | Noticed Eustachio
  4585 | D:5      | Killed Eustachio
  5026 | D:6      | Reached skill level 5 in Conjurations
  5307 | D:6      | Found a staircase to the Ecumenical Temple.
  5339 | Temple   | Entered the Ecumenical Temple
  5405 | Temple   | Became a worshipper of Sif Muna the Loreminder
  5502 | D:6      | Learned a level 3 spell: Call Canine Familiar
  5534 | D:6      | Reached XP level 9. HP: 46/46 MP: 19/23
  5682 | D:7      | Noticed Jeremor's ghost (novice MiBe)
  5781 | D:7      | Reached skill level 1 in Fighting
  5951 | D:7      | Noticed Joseph
  6017 | D:7      | Killed Joseph
  6019 | D:7      | Killed Jeremor's ghost
  6019 | D:7      | Reached * piety under Sif Muna
  6019 | D:7      | Reached skill level 1 in Summonings
  6019 | D:7      | Reached skill level 10 in Fire Magic
  6083 | D:7      | Noticed Pikel
  6108 | D:7      | Killed Pikel
  6643 | D:8      | Reached XP level 10. HP: 46/52 MP: 16/25
  6738 | D:8      | Found a hide-covered altar of Uskayaw.
  6801 | D:8      | Noticed a two-headed ogre
  6816 | D:8      | Killed a two-headed ogre
  6816 | D:8      | Reached skill level 1 in Polearms
  6816 | D:8      | Reached skill level 10 in Spellcasting
  7025 | D:8      | Noticed a two-headed ogre
  7042 | D:8      | Killed a two-headed ogre
  7042 | D:8      | Reached ** piety under Sif Muna
  7337 | D:8      | Found a bloodstained altar of Trog.
  8596 | D:8      | Reached skill level 1 in Long Blades
  9316 | D:9      | Found a staircase to the Lair.
  9415 | D:9      | Found Ubristeump's Armour Emporium.
  9589 | D:9      | Found a stormy altar of Qazlal.
  9611 | D:9      | Found a snail-covered altar of Cheibriados.
  9661 | D:10     | Entered Level 10 of the Dungeon
  9700 | D:10     | Noticed a gargoyle
 10010 | Lair:1   | Entered Level 1 of the Lair of Beasts
 10020 | Lair:1   | Reached *** piety under Sif Muna
 10022 | Lair:1   | Reached XP level 11. HP: 57/57 MP: 11/28
 10168 | Lair:1   | Mangled by a spiny frog

Skill      XL: |  1  2  3  4  5  6  7  8  9 10 |
---------------+-------------------------------+-----
Fire Magic     | 4 5 6 7 9 10 11 | 11.6
Dodging        | 3 4 5 6 8 |  8.2
Spellcasting   | 4 5 6 8 9 11 | 11.3
Conjurations   | 2 3 4 5 6 7 |  7.5
Fighting       | 1 |  1.9
Summonings     | 2 |  2.9
Polearms       | 1 |  1.1
Long Blades    | 1 |  1.4
Short Blades   | |  0.7
Staves         | |  0.6
Stealth        | |  2.4

Action                   |  1- 3 |  4- 6 |  7- 9 | 10-12 || total
-------------------------+-------+-------+-------+-------++-------
Melee: Short sword       |       |    13 |     2 |       ||    15
       Staff             |       |       |     3 |       ||     3
       Trident           |       |       |    19 |    31 ||    50
       Great sword       |       |       |       |    12 ||    12
 Cast: Flame Tongue      |    49 |   127 |   226 |   138 ||   540
       Conjure Flame     |       |     2 |     9 |     4 ||    15
       Throw Flame       |       |     3 |    40 |    25 ||    68
       Call Imp          |       |       |     2 |     4 ||     6
       Call Canine Famil |       |       |     5 |    10 ||    15
       Sticky Flame      |       |       |     2 |     3 ||     5
       Fireball          |       |       |       |    15 ||    15
  Use: Scroll            |     3 |     5 |     1 |     6 ||    15
       Potion            |     2 |     1 |     4 |     4 ||    11
  Eat: Chunk             |     2 |    15 |     9 |    12 ||    38
Armor: Robe              |     3 |    20 |    27 |    34 ||    84
Dodge: Dodged            |    14 |    45 |    89 |   168 ||   316
       Rpst.: Great sword |       |       |       |    32 ||    32
